 Dungeon Sprint DCSS version 0.21-a0-297-ga3d34c2 (webtiles) character file.

3271 potatolord6000 the Martial Artist (level 10, -2/144 HPs)
             Began as a Gnoll Transmuter on Sept 28, 2017.
             Was a High Priest of Sif Muna.
             Slain by an orc high priest
             ... wielding a +0 halberd
              (7 damage)
             ... in the Dungeon (Sprint VII: "The Pits").
             The game lasted 00:08:34 (999 turns).

potatolord6000 the Martial Artist (Gnoll Transmuter) Turns: 999, Time: 00:08:35

Health: -2/144     AC: 10    Str: 21    XL:     10   Next: 0%
Magic:  9/23       EV: 17    Int: 15    God:    Sif Muna [*****.]
Gold:   0          SH:  0    Dex: 19    Spells: 4/27 levels left

rFire    x . .     SeeInvis .     - Unarmed
rCold    + + +     Gourm    .   (shield currently unavailable)
rNeg     . . .     Faith    .   (armour currently unavailable)
rPois    +         Spirit   .   (helmet currently unavailable)
rElec    .         Reflect  .   (cloak currently unavailable)
rCorr    .         Harm     .   (gloves currently unavailable)
MR       .....     NoTele   +   (boots currently unavailable)
Stlth    ..........             (no amulet)
HPRegen  0.34/turn              t - +3 ring of dexterity
MPRegen  0.18/turn              u - +3 ring of protection

@: berserking (expiring), ice-form, very quick
A: distributed training, strong nose
a: End Transformation, Divine Energy, Channel Magic, Forget Spell, Renounce
Religion


You were in the Dungeon.
You worshipped Sif Muna.
Sif Muna was extremely pleased with you.
You were very full.
You were a creature of crystalline ice.
You visited 1 branch

Inventory:

Armour
 q - a +3 ring mail (melded)
 x - a +0 helmet (melded)
Magical Staves
 y - an uncursed staff of energy (melded)
Jewellery
 t - a +3 ring of dexterity (left front paw)
 u - a +3 ring of protection (right front paw)
Scrolls
 j - a scroll of blinking
 l - 3 scrolls of remove curse
 m - 5 scrolls of amnesia
 n - a scroll of summoning
Potions
 b - a potion of agility {unknown}
 e - 6 potions of curing
 f - 13 potions of heal wounds
 g - a potion of haste
 h - 4 potions of magic
 k - 2 potions of invisibility
 v - 2 potions of brilliance
 w - 2 potions of might
Books
 c - a book of Changes

   Spells                             Type                      Level
   a - Beastly Appendage              Transmutation                1
   b - Sticks to Snakes               Transmutation                2
   c - Spider Form                    Transmutation/Poison         3
   d - Ice Form                       Ice/Transmutation            4
   e - Blade Hands                    Transmutation                5
Comestibles
 d - 8 bread rations
 o - 40 fruits
 p - 5 meat rations


   Skills:
 + Level 8.2 Fighting
 + Level 7.6 Short Blades
 + Level 7.3 Long Blades
 + Level 7.7 Axes
 + Level 8.4 Maces & Flails
 + Level 7.9 Polearms
 + Level 8.1 Staves
 + Level 7.6 Slings
 + Level 8.0 Bows
 + Level 7.9 Crossbows
 + Level 8.0 Throwing
 + Level 8.1 Armour
 + Level 9.3 Dodging
 + Level 8.2 Stealth
   Level 0.0 Stabbing
 + Level 8.1 Shields
   Level 0.0 Traps
 + Level 10.5 Unarmed Combat
 + Level 9.1 Spellcasting
 + Level 7.6 Conjurations
 + Level 8.0 Hexes
 + Level 7.8 Charms
 + Level 7.3 Summonings
 + Level 8.0 Necromancy
 + Level 7.5 Translocations
 + Level 9.2 Transmutations
 + Level 8.4 Fire Magic
 + Level 8.2 Ice Magic
 + Level 8.0 Air Magic
 + Level 7.1 Earth Magic
 + Level 8.1 Poison Magic
 + Level 7.7 Invocations
 + Level 8.2 Evocations


You had 4 spell levels left.
You knew the following spells:

 Your Spells              Type           Power        Failure   Level  Hunger
a - Beastly Appendage     Tmut           ####..       1%          1    None
b - Ice Form              Ice/Tmut       ####....     3%          4    ###....
c - Blade Hands           Tmut           ####......   7%          5    #####..
d - Bolt of Magma         Conj/Fire/Erth ####......   12%         5    #####..
e - Chain Lightning       Conj/Air       ####......   100%        8    #######


Dungeon Overview and Level Annotations

Branches:
Dungeon (1/1)

Altars:
Ashenzari
Cheibriados
Dithmenos
Elyvilon
Fedhas
Gozag
Hepliaklqana
Kikubaaqudgha
Makhleb
Nemelex Xobeh
Okawaru
Qazlal
Ru
Sif Muna
Trog
Uskayaw
Vehumet
Wu Jian
Xom
Yredelemnul
Zin
The Shining One
Beogh
Jiyva
Lugonu


Innate Abilities, Weirdness & Mutations

Your experience applies equally to all skills.
((You have very sharp teeth.))
Your uncanny sense of smell can sniff out nearby items.


Message History

Unknown command.
You pummel the orc warrior!! You freeze the orc warrior.
You kill the orc warrior!
Sif Muna accepts your kill.
Your Throwing skill increases to level 8!
Your Necromancy skill increases to level 8!
Your Air Magic skill increases to level 8!
You have reached level 10!
The orc high priest hits you from afar with a halberd!
* * * LOW HITPOINT WARNING * * *
The troll completely misses you. The troll misses you. The troll claws you!
* * * LOW HITPOINT WARNING * * *
The molten gargoyle blasts magma at you!
The bolt of magma hits you! The lava burns you terribly!
* * * LOW HITPOINT WARNING * * *
The troll bites you.
* * * LOW HITPOINT WARNING * * *
The troll misses you. The troll closely misses you.
The orc high priest hits you from afar with a halberd!
You die...

#))##.......##....((#
#..##.......##......#
#'###...<...###.).)##
...##.......# ##)(##
...##.......###..).##
#####.......##......#
#..###########..(:..+
#)############......#
#.#....#...[###.Y..##
#'#)...#.![[# ##oT##
#.))...'..))# #.)9o#
#)#)...#..))##......#
')#....#..))##......#
#####################


You could see an orc high priest, a troll, a molten gargoyle and an orc.

Vanquished Creatures
  A two-headed ogre (D)
  A cyclops (D)
  2 kobold demonologists (D)
  A shadow (D)
  A wraith (D)
  Duvessa (D)
  3 orc warriors (D)
  A necrophage (D)
  A sky beast (D)
  A phantom (D)
  2 centaurs (D)
  2 wolves (D)
  3 big kobolds (D)
  A gnoll sergeant (D)
  3 orc wizards (D)
  2 orc priests (D)
  An iguana (D)
  4 gnolls (D)
  A river rat (D)
  An ufetubus (D)
  An adder zombie (D)
  2 orcs (D)
  A ball python (D)
  A giant cockroach (D)
  A goblin (D)
  A quokka (D)
  A bat (D)
  2 frilled lizards (D)
  3 kobolds (D)
  A rat (D)
47 creatures vanquished.

Notes
Turn   | Place    | Note
-------+----------+-------------------------------------------
     0 | D        | potatolord6000 the Gnoll Transmuter began the quest for the Orb.
     0 | D        | Reached XP level 1. HP: 17/17 MP: 6/6
    21 | D        | Reached skill level 1 in Maces & Flails
    21 | D        | Reached skill level 1 in Staves
    21 | D        | Reached skill level 1 in Slings
    21 | D        | Reached skill level 1 in Armour
    21 | D        | Reached skill level 1 in Stealth
    21 | D        | Reached skill level 5 in Spellcasting
    21 | D        | Reached skill level 1 in Charms
    21 | D        | Reached skill level 1 in Translocations
    21 | D        | Reached skill level 1 in Fire Magic
    21 | D        | Reached skill level 1 in Invocations
    21 | D        | Reached skill level 1 in Evocations
    21 | D        | Reached XP level 2. HP: 20/23 MP: 6/8
    50 | D        | Found a bloodstained altar of Trog.
    50 | D        | Found a deep blue altar of Sif Muna.
    50 | D        | Found a viscous altar of Jiyva.
    50 | D        | Found a hazy altar of Hepliaklqana.
    50 | D        | Found an opulent altar of Gozag.
    51 | D        | Found a glowing golden altar of the Shining One.
    51 | D        | Found a glowing silver altar of Zin.
    51 | D        | Found a basalt altar of Yredelemnul.
    51 | D        | Found a shimmering altar of Xom.
    51 | D        | Found an ornate altar of the Wu Jian Council.
    51 | D        | Found a sacrificial altar of Ru.
    51 | D        | Found a stormy altar of Qazlal.
    51 | D        | Found an iron altar of Okawaru.
    51 | D        | Found a sparkling altar of Nemelex Xobeh.
    51 | D        | Found a burning altar of Makhleb.
    51 | D        | Found a blossoming altar of Fedhas.
    51 | D        | Found a white marble altar of Elyvilon.
    51 | D        | Found a shadowy altar of Dithmenos.
    51 | D        | Found a snail-covered altar of Cheibriados.
    53 | D        | Found a radiant altar of Vehumet.
    53 | D        | Found a corrupted altar of Lugonu.
    53 | D        | Found a roughly hewn altar of Beogh.
    55 | D        | Found an ancient bone altar of Kikubaaqudgha.
    55 | D        | Found a hide-covered altar of Uskayaw.
    55 | D        | Found a shattered altar of Ashenzari.
    56 | D        | Became a worshipper of Sif Muna the Loreminder
    72 | D        | Reached skill level 1 in Axes
    72 | D        | Reached skill level 1 in Conjurations
    74 | D        | Reached skill level 1 in Necromancy
    81 | D        | Reached skill level 1 in Poison Magic
   106 | D        | Noticed a necrophage
   109 | D        | Reached skill level 1 in Short Blades
   109 | D        | Reached skill level 5 in Dodging
   109 | D        | Reached skill level 1 in Ice Magic
   112 | D        | Killed a necrophage
   112 | D        | Reached * piety under Sif Muna
   112 | D        | Reached skill level 7 in Unarmed Combat
   112 | D        | Reached skill level 5 in Transmutations
   112 | D        | Reached XP level 3. HP: 29/29 MP: 9/9
   112 | D        | Reached XP level 4. HP: 35/35 MP: 11/11
   172 | D        | Learned a level 4 spell: Ice Form
   241 | D        | Noticed a wolf
   243 | D        | Noticed a phantom
   259 | D        | Killed a wolf
   259 | D        | Reached ** piety under Sif Muna
   259 | D        | Reached XP level 5. HP: 34/42 MP: 13/13
   295 | D        | Killed a phantom
   295 | D        | Reached skill level 5 in Fire Magic
   295 | D        | Reached XP level 6. HP: 36/49 MP: 15/15
   307 | D        | Learned a level 5 spell: Blade Hands
   319 | D        | Reached *** piety under Sif Muna
   319 | D        | Reached skill level 5 in Stealth
   319 | D        | Reached skill level 5 in Shields
   319 | D        | Reached skill level 5 in Poison Magic
   376 | D        | Noticed Duvessa
   378 | D        | Killed Duvessa
   378 | D        | Reached skill level 5 in Fighting
   378 | D        | Reached skill level 5 in Short Blades
   378 | D        | Reached skill level 5 in Maces & Flails
   378 | D        | Reached skill level 5 in Polearms
   378 | D        | Reached skill level 5 in Staves
   378 | D        | Reached skill level 5 in Bows
   378 | D        | Reached skill level 5 in Armour
   378 | D        | Reached skill level 8 in Unarmed Combat
   378 | D        | Reached skill level 5 in Evocations
   378 | D        | Reached XP level 7. HP: 56/56 MP: 12/17
   381 | D        | Noticed a two-headed ogre
   385 | D        | Killed a two-headed ogre
   385 | D        | Reached **** piety under Sif Muna
   385 | D        | Reached skill level 5 in Long Blades
   385 | D        | Reached skill level 5 in Throwing
   385 | D        | Reached skill level 9 in Unarmed Combat
   385 | D        | Reached skill level 5 in Conjurations
   385 | D        | Reached skill level 5 in Charms
   385 | D        | Reached skill level 5 in Summonings
   385 | D        | Reached skill level 5 in Translocations
   385 | D        | Reached skill level 5 in Ice Magic
   385 | D        | Reached skill level 5 in Air Magic
   385 | D        | Reached skill level 5 in Earth Magic
   385 | D        | Reached XP level 8. HP: 46/64 MP: 13/19
   595 | D        | Noticed a wraith
   595 | D        | Noticed a shadow
   603 | D        | Killed a shadow
   609 | D        | Killed a wraith
   609 | D        | Reached ***** piety under Sif Muna
   609 | D        | Identified Sif Muna's Catalogue of Air and Confrontation (Sif Muna gifted it to you in the Dungeon)
   609 | D        | Received a gift from Sif Muna
   609 | D        | Reached XP level 9. HP: 72/72 MP: 16/21
   628 | D        | Learned a level 5 spell: Bolt of Magma
   762 | D        | Noticed a kobold demonologist
   762 | D        | Noticed a kobold demonologist
   770 | D        | Killed a kobold demonologist
   774 | D        | Killed a kobold demonologist
   778 | D        | Reached skill level 10 in Unarmed Combat
   789 | D        | Identified Sif Muna's Handbook of Creative Conjuration (Sif Muna gifted it to you in the Dungeon)
   789 | D        | Received a gift from Sif Muna
   805 | D        | Learned a level 8 spell: Chain Lightning
   977 | D        | Noticed an orc high priest
   977 | D        | Noticed a troll
   977 | D        | Noticed a cyclops
   977 | D        | Noticed a molten gargoyle
   986 | D        | Killed a cyclops
   998 | D        | Reached XP level 10. HP: 45/80 MP: 9/23
   999 | D        | HP: 7/144 [molten gargoyle/bolt of magma (20)]
   999 | D        | Slain by an orc high priest

Vault maps used:
D:        pitsprint

Skill      XL: |  1  2  3  4  5  6  7  8  9 |
---------------+----------------------------+-----
Maces & Flails | 1 3 4 5 6 7 8 |  8.4
Staves         | 1 3 4 5 6 7 8 |  8.1
Slings         | 1 2 3 4 6 7 |  7.6
Armour         | 1 2 3 4 5 6 8 |  8.1
Stealth        | 1 3 4 5 6 7 8 |  8.2
Shields        | 2 3 4 5 6 7 8 |  8.1
Spellcasting   | 5 6 7 8 9 |  9.1
Charms         | 1 2 3 4 5 6 7 |  7.8
Translocations | 1 2 3 4 5 6 7 |  7.5
Fire Magic     | 1 4 5 6 7 8 |  8.4
Invocations    | 1 2 3 4 6 7 |  7.7
Evocations     | 1 2 3 4 5 6 7 8 |  8.2
Axes           | 3 4 6 7 |  7.7
Conjurations   | 2 3 4 5 6 7 |  7.6
Necromancy     | 2 3 4 6 8 |  8.0
Poison Magic   | 3 4 5 6 7 8 |  8.1
Short Blades   | 2 3 4 5 6 7 |  7.6
Dodging        | 5 6 7 8 9 |  9.3
Ice Magic      | 2 3 4 5 7 8 |  8.2
Fighting       | 3 4 5 6 7 8 |  8.2
Long Blades    | 2 3 4 5 6 7 |  7.3
Polearms       | 2 3 5 6 7 |  7.9
Bows           | 2 3 4 5 6 7 8 |  8.0
Crossbows      | 2 3 4 6 7 |  7.9
Throwing       | 2 3 4 5 6 8 |  8.0
Unarmed Combat | 7 8 9 10 | 10.5
Hexes          | 2 3 4 6 8 |  8.0
Summonings     | 2 3 4 5 6 7 |  7.3
Transmutations | 5 6 7 8 9 |  9.2
Air Magic      | 2 3 4 5 6 8 |  8.0
Earth Magic    | 2 3 4 5 6 7 |  7.1

Action                   |  1- 3 |  4- 6 |  7- 9 | 10-12 || total
-------------------------+-------+-------+-------+-------++-------
Melee: Unarmed           |    17 |    41 |    73 |       ||   131
       Kick              |     3 |    11 |       |       ||    14
       Bite              |     1 |     4 |       |       ||     5
       Punch             |     1 |     2 |       |       ||     3
 Cast: Beastly Appendage |     4 |     2 |       |       ||     6
       Ice Form          |       |     1 |     4 |       ||     5
       Bolt of Magma     |       |       |     4 |       ||     4
  Use: Potion            |     1 |     1 |     2 |       ||     4
 Stab: Sleeping          |     1 |     2 |     1 |       ||     4
  Eat: Meat ration       |       |       |     2 |       ||     2
Armor: Robe              |     3 |       |       |       ||     3
       Ring mail         |       |    13 |       |       ||    13
       Skin              |       |       |    18 |       ||    18
Dodge: Dodged            |    12 |    26 |    88 |     4 ||   130

Table legend:
 A = Spawn XP
 B = Non-spawn XP
 C = Spawn XP percentage of total XP
 D = Spawn monster count
 E = Non-spawn monster count
 F = Spawn count percentage of total count
 G = Total turns spent on level
                    A         B        C        D         E        F      G
               +---------+---------+-------+---------+---------+-------+---------
         Total |       0 |    4674 |   0.0 |       0 |      47 |   0.0 |   999
               +---------+---------+-------+---------+---------+-------+---------
             D |       0 |    4674 |   0.0 |       0 |      47 |   0.0 |   999
               +---------+---------+-------+---------+---------+-------+---------
